cohdb
Replays
Latest Replays
All Replays
Popular Replays
Top Player Replays
Match Explorer
How It Works
Community
CoH3 Stats
Reddit
Sign in to upload your games and track your stats! →
Sign in with Steam
Match 45410007
Unlisted
Match 45410007
Overview
Messages
Build Orders
End
Kradschützen Motorcycle Team
Panzerpioneer Squad
Panzergrenadier Squad
250 Light Carrier
Construct Light Support Kompanie
Combat Half-tracks
Fire Support Elements
Kradschützen Motorcycle Team
Vehicle Survival Package
Panzerjäger Mechanized Group
Construct Panzerarmee Kommand
Selects Italian Infantry
Selects Guastatori Squad
Selects L6/40 Light Tank Combat Group
Emergency Repair Kits
Flakvierling Half-track
Armored Reserves
Guastatori Squad
(502) Bad Gateway
Jmoortba
0
0
Comments
sign in to comment!
No comments posted yet!